Map: Lockdown LE

Players

liquidclem (Clem) - Winner!

  • Race: Terran Terran
  • League: Grandmaster
  • Spawn Location: 7:00

sebesdes

  • Race: Protoss Protoss
  • League: Grandmaster
  • Spawn Location: 1:00

Event: HomeStory Cup XXIX

VOD

Have the link to the VOD?

Description

Time

  • Played on: July 3, 2026, 12:13 p.m.
  • Length: 8:59

All games in this series

Show
View Real Time Build Order
Export as new Build Order

liquidclem Terran - Winner!

Build Orders:  

Get SALT Encoding   

  8  0:00  SCV  
  9  0:12  SCV  
  10  0:24  SCV  
  10  0:27  Supply Depot  
  11  0:36  SCV  
  12  0:48  SCV  
  13  0:53  Barracks  
  13  1:00  SCV  
  14  1:04  Refinery  
  14  1:13  SCV  
  15  1:25  SCV  
  16  1:39  Marine  
  16  1:40  Orbital Command  
  17  1:58  Barracks Reactor  
  17  2:05  SCV  
  18  2:12  Command Center  
  18  2:17  SCV  
  19  2:23  Supply Depot  
  19  2:29  SCV  
  20  2:34  Marine  
  21  2:45  SCV  
  21  2:49  Marine  
  23  2:54  Command Center  
  23  2:55  Marine  
  24  2:58  SCV  
  25  3:09  Barracks  
  25  3:11  SCV, Marine  
  27  3:14  Marine  
  28  3:23  SCV  
  28  3:25  Orbital Command  
  29  3:32  Marine x2  
  31  3:36  SCV  
  32  3:41  Barracks  
  32  3:48  SCV  
  32  3:50  SCV  
  32  3:51  Marine x2  
  36  3:57  Barracks Tech Lab  
  36  4:00  SCV  
  36  4:02  SCV  
  38  4:06  Orbital Command  
  38  4:09  Marine x2  
  40  4:12  SCV  
  40  4:15  Stimpack  
  40  4:16  Marauder  
  43  4:18  SCV  
  43  4:19  Refinery  
  43  4:23  Refinery  
  44  4:24  SCV  
  44  4:28  Marine x2  
  44  4:29  Barracks Tech Lab  
  44  4:30  SCV  
  48  4:32  SCV  
  48  4:35  Supply Depot  
  48  4:37  SCV  
  50  4:43  SCV  
  50  4:44  SCV  
  52  4:48  Marine x3  
  52  4:49  Concussive Shells  
  55  4:56  Marine  
  55  4:57  SCV x2, Supply Depot  
  55  4:58  SCV  
  59  5:00  Supply Depot  
  59  5:03  Factory  
  59  5:08  Marine x2, Engineering Bay  
  59  5:10  SCV  
  59  5:12  SCV  
  63  5:16  SCV  
  63  5:19  Marauder  
  63  5:21  Marauder  
  67  5:22  SCV  
  67  5:27  SCV  
  67  5:28  Marine, Supply Depot  
  69  5:31  SCV, Refinery  
  69  5:32  Marine  
  69  5:35  Terran Infantry Weapons Level 1  
  72  5:38  SCV  
  72  5:39  Supply Depot  
  73  5:45  SCV x2, Marauder  
  73  5:50  SCV  
  73  5:53  Starport  
  73  5:54  Factory Reactor, Marine x2  
  74  5:57  SCV  
  74  5:58  Marauder, Orbital Command  
  74  6:03  Supply Depot  
  76  6:04  SCV  
  76  6:09  SCV  
  76  6:10  Combat Shield  
  78  6:12  Marine x2  
  78  6:14  Marauder  
  78  6:16  SCV  
  78  6:17  Supply Depot  
  81  6:23  Marauder, SCV  
  81  6:24  SCV  
  85  6:28  SCV  
  85  6:30  Marine x2  
  88  6:35  SCV  
  88  6:36  Marauder, Supply Depot  
  88  6:39  Medivac  
  91  6:40  Medivac  
  91  6:41  SCV  
  91  6:42  SCV  
  91  6:43  Factory Reactor  
  95  6:48  Barracks  
  95  6:50  Barracks  
  95  6:51  SCV  
  95  6:53  SCV  
  97  6:54  SCV, Marine x2  
  97  6:56  Marauder  
  97  6:59  Marauder  
  97  7:00  Supply Depot  
  104  7:03  SCV  
  104  7:05  SCV  
  104  7:06  Bunker, SCV  
  104  7:07  Supply Depot  
  107  7:12  Medivac, Viking  
  107  7:15  SCV, Supply Depot  
  112  7:17  SCV, Marine x2  
  112  7:21  Supply Depot  
  115  7:25  Widow Mine  
  115  7:26  Marauder  
  115  7:27  Marauder  
  115  7:29  Widow Mine  
  123  7:32  Ghost Academy  
  123  7:35  Marine  
  124  7:37  Supply Depot  
  124  7:41  Refinery  
  124  7:42  Barracks Tech Lab x2  
  124  7:43  Refinery  
  124  7:45  Medivac  
  124  7:46  Marine  
  124  7:48  Marauder  
  124  7:51  Marauder, Missile Turret  
  131  7:58  Supply Depot, Marine, Widow Mine x2  
  135  8:02  Ghost  
  135  8:07  Marine  
  135  8:10  Ghost  
  135  8:11  Marauder, Supply Depot  
  135  8:12  SCV  
  140  8:14  Supply Depot  
  140  8:15  Marauder  
  140  8:19  SCV  
  140  8:24  Widow Mine x2, SCV  
  140  8:25  Orbital Command  
  140  8:26  SCV  
  144  8:31  Marine, SCV  
  144  8:32  Marauder  
  146  8:36  SCV  
  149  8:43  SCV  
Show
View Real Time Build Order
Export as new Build Order

sebesdes Protoss 

Build Orders: 1 Gate Expand, Blink Stalkers 

Get SALT Encoding   

  8  0:00  Probe (Chrono Boost)  
  9  0:12  Probe (Chrono Boost)  
  10  0:17  Probe (Chrono Boost)  
  11  0:26  Probe  
  12  0:32  Pylon  
  12  0:38  Probe  
  13  0:50  Probe  
  13  0:53  Gateway  
  14  1:03  Probe (Chrono Boost)  
  15  1:04  Assimilator  
  15  1:13  Probe (Chrono Boost)  
  15  1:18  Probe (Chrono Boost)  
  17  1:29  Probe  
  18  1:44  Nexus  
  18  1:48  Probe  
  19  1:58  Cybernetics Core  
  19  2:01  Probe  
  20  2:12  Pylon  
  20  2:13  Probe  
  21  2:18  Assimilator  
  21  2:30  Probe  
  21  2:33  Stalker (Chrono Boost)  
  21  2:34  Warp Gate  
  24  2:42  Probe  
  25  2:51  Sentry  
  25  2:54  Probe  
  25  2:56  Probe  
  29  3:06  Probe  
  29  3:08  Probe  
  29  3:10  Twilight Council  
  31  3:18  Stalker, Probe  
  34  3:20  Probe  
  34  3:25  Gateway  
  35  3:31  Probe  
  35  3:32  Probe  
  37  3:41  Blink (Chrono Boost)  
  37  3:43  Probe  
  37  3:44  Probe  
  41  3:55  Probe  
  40  3:57  Probe  
  41  4:07  Probe  
  42  4:10  Nexus  
  42  4:12  Pylon  
  42  4:20  Pylon  
  42  4:30  Stalker x2, Probe x2  
  48  4:42  Probe x2, Assimilator  
  48  4:44  Assimilator  
  50  4:46  Stalker x2  
  54  4:54  Probe x2  
  56  5:02  Stalker  
  58  5:20  Templar Archives  
  58  5:22  Gateway, Stalker, Probe x2 (Chrono Boost)  
  58  5:23  Charge (Chrono Boost)  
  58  5:24  Probe (Chrono Boost)  
  58  5:25  Gateway  
  63  5:33  Probe x3 (Chrono Boost)  
  66  5:37  Probe x2 (Chrono Boost)  
  66  5:38  Probe (Chrono Boost)  
  69  5:48  Probe  
  69  5:49  Probe  
  71  5:50  Stalker x2  
  69  5:59  Probe  
  69  6:00  Psionic Storm  
  69  6:01  Probe  
  71  6:05  Gateway  
  71  6:07  Gateway  
  71  6:10  Pylon  
  71  6:12  Pylon  
  71  6:23  Shield Battery  
  71  6:28  Zealot x2, Stalker, Probe x2  
  71  6:30  Stalker, Probe  
  78  6:44  Pylon  
  78  6:45  Stalker x2  
  82  6:48  Robotics Facility  
  82  6:49  Zealot  
  82  6:50  Zealot  
  86  7:02  Zealot  
  86  7:03  Pylon  
  86  7:05  Zealot  
  86  7:06  Probe  
  91  7:09  Probe  
  91  7:12  Pylon  
  91  7:15  Gateway  
  92  7:17  High Templar, Gateway  
  92  7:21  Pylon  
  92  7:22  High Templar x2  
  98  7:25  Zealot x2  
  102  7:35  High Templar  
  104  7:37  Warp Prism (Chrono Boost)  
  104  7:38  Pylon  
  104  7:40  Pylon  
  104  7:44  Gateway  
  106  7:45  Gateway  
  106  7:47  Zealot x2  
  106  7:48  Pylon  
  106  8:00  Pylon  
  106  8:02  Zealot x3  
  103  8:17  Zealot x2  
  103  8:18  Zealot  
  97  8:35  Zealot x3  
  97  8:41  Archon  
  103  8:42  Zealot x3  
  93  8:49  High Templar, Zealot x2  
Tags
 
Add a new tag
Caveats
  • Supply blocks, unpowered buildings, or Contaminate may cause inaccurate times.
  • Supply counts are checked every 10 seconds.